 Dungeon Crawl Stone Soup version 0.27.1-1-g398f81649c (webtiles) character file.

Game seed: 10453966601518131700

339 Kala the Ruffian (level 6, -2/85 HPs)
             Began as a Troll Transmuter on Sept 8, 2021.
             Was an Initiate of Yredelemnul.
             Succumbed to an orc priest's poison
             ... on level 4 of the Dungeon.
             The game lasted 00:07:07 (2833 turns).

Kala the Ruffian (Troll Transmuter)                 Turns: 2833, Time: 00:07:07

Health: -2/85      AC: 23    Str: 21    XL:     6   Next: 29%
Magic:  6/6        EV:  1    Int:  9    God:    Yredelemnul [......]
Gold:   284        SH:  0    Dex: 10    Spells: 4/7 levels left

rFire    + . .     SeeInvis .     - Unarmed
rCold    + . .     Faith    .   (no shield)
rNeg     + + +     Spirit   .   (armour currently unavailable)
rPois    +         Reflect  .   (helmet currently unavailable)
rElec    +         Harm     .   (cloak currently unavailable)
rCorr    +         Rampage  .   (gloves unavailable)
Will     .....     NoTele   +   (boots unavailable)
Stlth    +.........             (no amulet)
HPRegen  1.24/turn              (no ring)
MPRegen  0.10/turn              (no ring)

@: lethally poisoned (-2 -> -14), tree-form, resistant, hasted, very quick
A: stationary, stasis, torment immunity, boosted hp, large, unfitting armour,
(claws 3), regeneration 1, (shaggy fur 1), (tough skin 1)
a: Renounce Religion


You were on level 4 of the Dungeon.
You worshipped Yredelemnul.
Yredelemnul was noncommittal.
You were a tree.
You visited 1 branch of the dungeon, and saw 4 of its levels.

You collected 284 gold pieces.

Inventory:

Armour
 a - a +0 robe (melded)
Scrolls
 b - 2 scrolls of fear {unknown}
 c - a scroll of amnesia {unknown}
 f - 5 scrolls of identify {unknown}
 h - 2 scrolls of fog {unknown}
 l - a scroll of enchant weapon {unknown}
 m - a scroll of silence {unknown}
 n - a scroll of teleportation {unknown}
Potions
 g - 2 potions of haste
 i - 3 potions of magic
 j - a potion of degeneration {unknown}
 k - a potion of ambrosia {unknown}


   Skills:
 + Level 2.1 Fighting
 - Level 1.5 Dodging
 * Level 4.8 Unarmed Combat
 - Level 1.2 Spellcasting
 * Level 3.1 Transmutations
 + Level 2.0 Earth Magic


You had 4 spell levels left.
You knew the following spells:

 Your Spells              Type           Power      Damage    Failure   Level
a - Beastly Appendage     Tmut           12%        N/A       10%         1
b - Wereblood             Tmut           6%         N/A       16%         2

Your spell library contained the following spells:

 Spells                   Type           Power      Damage    Failure   Level
 Spider Form              Tmut/Pois      1%         N/A       50%         3
 Ice Form                 Ice/Tmut       3%         N/A       88%         4


Dungeon Overview and Level Annotations

Branches:
Dungeon (4/15)
 Temple: D:4-7

Altars:
Nemelex Xobeh
Yredelemnul


Innate Abilities, Weirdness & Mutations

You are a tree.
Your roots penetrate the ground, keeping you stationary.
You cannot be teleported.
You are immune to unholy pain and torment.
Your maximum health is greatly increased.
Your equipment is partially melded.
You are too large for most types of armour.
((You have claws for hands.))
Your natural rate of healing is unusually fast.
((You are covered in fur. (AC +1)))
((You have tough skin. (AC +1)))


Message History

Casting: Beastly Appendage (safe; 10% risk of failure)
Confirm with . or Enter, or press ? or * to list all spells.
You extend your transformation's duration.
Your transformation is almost over.
You feel sick.
The orc priest hits you with a +1 mace of venom.
You are more poisoned.
The orc priest calls down the wrath of Beogh upon you.
Beogh smites you!
* * * LOW HITPOINT WARNING * * *
You are too injured to fight recklessly!
You barely miss the orc priest.
The orc priest is severely wounded.
You feel very sick.
The orc priest hits you with a +1 mace of venom.
* * * LOW HITPOINT WARNING * * *
You are lethally poisoned!
The orc priest casts a cantrip, but nothing happens.
It was a potion of lignification.
Your horns disappear.
Your talons disappear.
You turn into a tree.
Your +0 robe melds into your body.
Your roots penetrate the ground.
* * * LOW HITPOINT WARNING * * *
You feel very sick.
The orc priest hits you but does no damage.
It was a potion of haste.
You feel yourself speed up.
* * * LOW HITPOINT WARNING * * *
You feel very sick.
The orc priest casts a cantrip, but nothing happens.
The orc priest hits you but does no damage.
Unknown command.
It was a potion of magic.
Magic courses through your body.
* * * LOW HITPOINT WARNING * * *
You feel sick.
The orc priest hits you but does no damage.
You are more poisoned.
It was a potion of resistance.
You feel protected.
You die...
Your body rises from the dead as a mindless zombie.

#.# #.# ## #.#
... #.# #.#.
.. #.# #....##
##o#####.
##.....
#oo......#
#......
#o##.####.
....... #♣# .#
#...... #.# #
##.....
#.##.####.#
#<###.
##.##....#^###
#.
#..##.......
#. #.###......
#. #.# #.....#
#. #.# #...).#
#. #.# #.#.#.#
#.


You could see 3 orc priests and an orc.

Vanquished Creatures
  A sky beast (D:3)
  2 hounds (D:4)
  4 gnolls
  5 adders
  2 worms
  2 dart slugs
  An orc (D:3)
  4 ball pythons
  8 endoplasms
  6 giant cockroaches
  9 goblins
  7 hobgoblins
  10 jackals
  7 kobolds
  A quokka (D:3)
  5 bats
  5 frilled lizards
  7 rats
86 creatures vanquished.

Notes
Turn   | Place    | Note
-------+----------+-------------------------------------------
     0 | D:1      | Kala the Troll Transmuter began the quest for the Orb.
     0 | D:1      | Reached XP level 1. HP: 18/18 MP: 1/1
    70 | D:1      | Reached skill level 1 in Fighting
    70 | D:1      | Reached XP level 2. HP: 11/27 MP: 2/2
   262 | D:1      | Reached XP level 3. HP: 33/33 MP: 3/3
   460 | D:1      | Found a faded altar of an unknown god.
   667 | D:2      | Reached skill level 1 in Earth Magic
   901 | D:2      | Reached XP level 4. HP: 41/41 MP: 4/4
  1529 | D:2      | Learned a level 2 spell: Wereblood
  1873 | D:3      | Noticed a sky beast
  1881 | D:3      | Killed a sky beast
  1882 | D:3      | Reached skill level 4 in Unarmed Combat
  1882 | D:3      | Reached XP level 5. HP: 27/49 MP: 3/5
  2051 | D:3      | Found a sparkling altar of Nemelex Xobeh.
  2360 | D:4      | Reached XP level 6. HP: 18/57 MP: 4/6
  2522 | D:4      | Found a basalt altar of Yredelemnul.
  2532 | D:4      | Became a worshipper of Yredelemnul the Dark
  2831 | D:4      | HP: 3/85 [poisoned by an orc priest]
  2832 | D:4      | HP: 1/85 [poisoned by an orc priest]
  2833 | D:4      | Succumbed to an orc priest's poison

Illustrated notes

Levels and vault maps discovered:
D:1:      saegor_arrival_under_anarchy, layout_rooms,
          dilly_ecumenical_altar_fadedgnrine
D:2:      layout_basic
D:3:      layout_basic, nemelex_spade_bored_becter
D:4:      cheibrodos_pilgrimage, layout_loops_ring, yredelemnul_altar_generic

Skill      XL: |  1  2  3  4  5  6 |
---------------+-------------------+-----
Fighting       | 1 2 |  2.1
Transmutations | 2 3 |  3.1
Earth Magic    | 1 2 |  2.0
Unarmed Combat | 4 |  4.8
Dodging        | |  1.5
Spellcasting   | |  1.2

Action                   |  1- 3 |  4- 6 || total
-------------------------+-------+-------++-------
Melee: Unarmed           |   101 |   110 ||   211
       Punch             |     1 |     2 ||     3
       Headbutt          |     4 |    12 ||    16
       Kick              |     1 |    16 ||    17
 Cast: Beastly Appendage |     3 |    28 ||    31
  Use: Potion            |       |     4 ||     4
Armor: Robe              |    37 |    33 ||    70
       Skin              |       |     3 ||     3
Dodge: Dodged            |    42 |    42 ||    84
